 Dungeon Crawl Stone Soup version 0.20.2-3-g29329e0561 (webtiles) character file.

221 Alfie the Skirmisher (level 5, -9/47 HPs)
             Began as a Hill Orc Fighter on Feb 7, 2023.
             Mangled by Alfie's ghost (11 damage)
             ... on level 4 of the Dungeon.
             The game lasted 00:08:14 (1881 turns).

Alfie the Skirmisher (Hill Orc Fighter)             Turns: 1881, Time: 00:08:14

Health: -9/47      AC: 12    Str: 20    XL:     5   Next: 98%
Magic:  5/5        EV:  7    Int:  8    God:
Gold:   210        SH:  9    Dex: 10    Spells: 4/4 levels left

rFire    . . .     SeeInvis .   a - +1 rapier
rCold    . . .     Gourm    .   c - +0 shield
rNeg     . . .     Faith    .   b - +0 scale mail
rPois    .         Spirit   .   t - +0 helmet
rElec    .         Reflect  .   d - +0 cloak
rCorr    .         Harm     .   y - +2 pair of gloves
MR       .....                  (no boots)
Stlth    ..........             (no amulet)
Regen    0.2/turn               (no ring)
MPRegen  0.1/turn               (no ring)

@: no status effects
A: no striking features
a: no special abilities


You were on level 4 of the Dungeon.
You were not hungry.

You visited 1 branch of the dungeon, and saw 4 of its levels.

You collected 210 gold pieces.

Inventory:

Hand Weapons
 a - a +1 rapier (weapon)
Armour
 b - a +0 scale mail (worn)
 c - a +0 shield (worn)
 d - a +0 cloak (worn)
 t - a +0 helmet (worn)
 y - a +2 pair of gloves (worn)
Jewellery
 u - an uncursed amulet of the gourmand
 z - an uncursed amulet of magic regeneration {unknown}
Wands
 x - a wand of confusion (30/48)
Scrolls
 e - a scroll of enchant weapon
 h - a scroll of noise {unknown}
 i - a scroll of magic mapping {unknown}
 j - 4 scrolls of teleportation {unknown}
 k - a scroll of recharging {unknown}
 n - a scroll of enchant armour {unknown}
 p - 3 scrolls of remove curse
 q - a scroll of immolation {unknown}
 w - a scroll of fear {unknown}
Potions
 l - a potion of flight {unknown}
 o - a potion of ambrosia
 s - 2 potions of brilliance {unknown}
 v - 3 potions of might
Comestibles
 f - 4 bread rations
 g - 3 royal jellies
 m - 2 meat rations
 r - 2 fruits


   Skills:
 + Level 4.7 Fighting
 + Level 3.8 Short Blades
 + Level 4.3 Armour
 + Level 1.0 Dodging
 + Level 4.1 Shields


You had 4 spell levels left.
You didn't know any spells.

Dungeon Overview and Level Annotations

Branches:
Dungeon (4/15)
 Temple: D:4-7

Altars:
Cheibriados
Makhleb
Trog
Zin

Annotations:
D:4 Alfie's ghost, novice HOFi


Message History

You hit Alfie's ghost but do no damage.
Alfie's ghost is moderately damaged.
You block Alfie's ghost's attack.
You closely miss Alfie's ghost.
Alfie's ghost is moderately damaged.
Alfie's ghost hits you!
* * * LOW HITPOINT WARNING * * *
You hit Alfie's ghost but do no damage.
Alfie's ghost is moderately damaged.
Alfie's ghost wails.
Alfie's ghost hits you!
* * * LOW HITPOINT WARNING * * *
You hit Alfie's ghost.
Alfie's ghost is heavily damaged.
Alfie's ghost hits you but does no damage.
Alfie's ghost closely misses you.
You closely miss Alfie's ghost.
Alfie's ghost is heavily damaged.
Alfie's ghost hits you!
You die...

#### ##.. # ## #... ###
.###. #..# .... ###.#.
.#..#
...!##....#####.....#...
........##........#..#
#.....##.##.....#...
#>W@..##.##.....#...
##..........# ####
##.#.##.##.###### #
#.#.#.......##.###
............#.#...
.###.#.###.#.##.### #.
#.......#.##.# #
#............#
...#.......####


You could see Alfie's ghost.

Vanquished Creatures
  A hound (D:3)
  Crazy Yiuf (D:2)
  Ijyb (D:3)
  Robin (D:2)
  An adder (D:2)
  3 gnolls (D:3)
  2 oozes
  4 dart slugs
  4 leopard geckos
  4 orcs (D:3)
  A ball python (D:1)
  A giant cockroach (D:2)
  11 goblins
  7 hobgoblins
  A quokka (D:2)
  5 bats
  6 frilled lizards
  6 kobolds
  9 rats
69 creatures vanquished.

Notes
Turn   | Place    | Note
-------+----------+-------------------------------------------
     0 | D:1      | Alfie the Hill Orc Fighter began the quest for the Orb.
     0 | D:1      | Reached XP level 1. HP: 19/19 MP: 1/1
    98 | D:1      | Reached XP level 2. HP: 27/27 MP: 2/2
   424 | D:1      | Reached XP level 3. HP: 33/33 MP: 3/3
   711 | D:2      | Found a glowing silver altar of Zin.
   713 | D:2      | Noticed Robin
   752 | D:2      | HP: 1/33 [hobgoblin/club[Robin] (2)]
   774 | D:2      | Killed Robin
   774 | D:2      | Reached XP level 4. HP: 9/41 MP: 4/4
   912 | D:2      | Found a runed door.
   919 | D:2      | Noticed Crazy Yiuf
   925 | D:2      | Killed Crazy Yiuf
   960 | D:2      | Found a snail-covered altar of Cheibriados.
  1185 | D:3      | Reached XP level 5. HP: 34/47 MP: 5/5
  1218 | D:3      | Found a bloodstained altar of Trog.
  1528 | D:3      | Found a burning altar of Makhleb.
  1528 | D:3      | Noticed Ijyb
  1557 | D:3      | Killed Ijyb
  1557 | D:3      | Reached skill level 1 in Dodging
  1860 | D:4      | Noticed Alfie's ghost (novice HOFi)
  1879 | D:4      | HP: 2/47 [Alfie's ghost (7)]
  1881 | D:4      | Mangled by Alfie's ghost

Skill      XL: |  1  2  3  4  5 |
---------------+----------------+-----
Fighting       | 4 |  4.7
Armour         | 4 |  4.3
Short Blades   | 3 |  3.8
Shields        | 4 |  4.1
Dodging        | 1 |  1.0

Action                   |  1- 3 |  4- 6 || total
-------------------------+-------+-------++-------
Melee: Rapier            |   122 |   132 ||   254
  Use: Potion            |     2 |     1 ||     3
       Scroll            |       |     3 ||     3
  Eat: Fruit             |       |     4 ||     4
Armor: Scale mail        |    72 |    49 ||   121
Dodge: Dodged            |    49 |    24 ||    73
Block: Shield            |    82 |    54 ||   136
